 Dungeon Crawl Stone Soup version 0.18.1-48-g4cf74bf (webtiles) character file.

15658 Gargoyl the Blocker (level 12, -7/91 HPs)
             Began as a Demonspawn Abyssal Knight on July 11, 2016.
             Was the Champion of Lugonu.
             Mangled by a sixfirhy (8 damage)
             ... summoned by an orc high priest
             ... on level 2 of the Orcish Mines.
             The game lasted 00:36:02 (15821 turns).

Gargoyl the Blocker (Demonspawn Abyssal Knight)    Turns: 15821, Time: 00:36:03

Health: -7/91      AC: 20    Str: 21      XL:     12   Next: 3%
Magic:  14/14      EV:  0    Int: 14      God:    Lugonu [******]
Gold:   999        SH: 20    Dex: 11 (12) Spells: 0 memorised, 11 levels left

rFire  + . .     SeeInvis .     g - +2 war axe (drain)
rCold  . . .     Gourm    .     d - +0 plate armour
rNeg   . . .     Faith    .     e - +3 large shield
rPois  .         Spirit   .     (helmet restricted)
rElec  .         Dismiss  .     C - +0 cloak
rCorr  .         Reflect  .     f - +1 pair of gloves
SustAt .         Harm     .     P - +0 pair of boots {Fly}
MR     .....     Clarity  +     (no amulet)
Stlth  ..........               p - +3 ring of protection
                                m - +3 ring of strength

@: flying, not resistant to hostile enchantments, extremely unstealthy
A: horns 1, thin metallic scales 2, blink, clarity, deformed body, deterioration
1, fire resistance 1, slow regeneration 1, spiny 1, flame cloud immunity
a: Blink, Depart the Abyss, Bend Space, Banish, Corrupt, Enter the Abyss, Brand
Weapon With Distortion, Renounce Religion, Stop Flying


You were on level 2 of the Orcish Mines.
You worshipped Lugonu.
Lugonu was exalted by your worship.
You were not hungry.

You visited 2 branches of the dungeon, and saw 12 of its levels.
You visited the Abyss 1 time.
You also visited: Sewer and Ossuary.

You collected 999 gold pieces.

Inventory:

Hand Weapons
 g - a +2 war axe of draining (weapon)
 u - a +0 broad axe
Missiles
 k - 13 javelins (quivered)
 l - 5 curare-tipped needles
 w - 56 poisoned needles
Armour
 d - a +0 plate armour (worn)
 e - a +3 large shield (worn)
 f - a +1 pair of gloves (worn)
 C - a +0 cloak (worn)
 P - a +0 pair of boots of flying (worn)
Jewellery
 m - a +3 ring of strength (left hand)
 p - a +3 ring of protection (right hand)
 F - an uncursed ring of see invisible
Wands
 v - a wand of disintegration (15/24)
 y - a wand of random effects (25/48)
 H - a wand of confusion (13/48)
 M - a wand of disintegration (11/24)
 Q - a wand of acid (4/15)
Scrolls
 a - 2 scrolls of noise {unknown}
 h - 4 scrolls of teleportation
 i - 5 scrolls of magic mapping
 r - 4 scrolls of remove curse
 t - 5 scrolls of fog
 x - 3 scrolls of recharging
 D - 3 scrolls of identify
Potions
 b - 3 potions of brilliance
 j - 2 potions of might
 n - a potion of beneficial mutation {unknown}
 o - 3 potions of curing
 z - 2 potions of agility
 A - a potion of ambrosia {unknown}
 B - a potion of lignification {unknown}
 E - 8 potions of degeneration
 G - a potion of mutation {unknown}
 I - a potion of invisibility {unknown}
 J - a potion of magic {unknown}
 O - 2 potions of cancellation {unknown}
Books
 S - a book of the Earth

   Spells                             Type                      Level
   a - Leda's Liquefaction            Hexes/Earth                  4
   b - Bolt of Magma                  Conjuration/Fire/Earth       5
   c - Statue Form                    Transmutation/Earth          6
   d - Iron Shot                      Conjuration/Earth            6
   e - Shatter                        Earth                        9
Comestibles
 c - 11 bread rations
 q - 3 meat rations
 s - 8 beef jerkies


   Skills:
 + Level 7.6 Fighting
 + Level 8.3 Axes
 * Level 9.8 Armour
 + Level 3.2 Dodging
 + Level 0.8 Stealth
 + Level 10.7 Shields
 + Level 3.2 Invocations


You had 11 spell levels left.
You didn't know any spells.

Dungeon Overview and Level Annotations

Branches:
Dungeon (10/15)            Temple (0/1) D:4            Lair (0/8) D:8
    Orc (2/2) D:10
    Elf: Orc:2

Altars:
Ashenzari
Elyvilon
Gozag
Makhleb
Nemelex Xobeh
Pakellas
Sif Muna
Vehumet
Xom
Yredelemnul
Zin
The Shining One

Annotations:
Abyss:1 Gastronok


Innate Abilities, Weirdness & Mutations

You have a pair of small horns on your head.
You are mostly covered in thin metallic scales (AC +3).
Your flesh is heat resistant.
You are partially covered in sharp spines.
You are immune to clouds of flame.
You can translocate small distances at will.
You possess an exceptional clarity of mind.
Armour fits poorly on your strangely shaped body.
Your body sometimes deteriorates upon taking damage.
You regenerate slowly when monsters are visible.


Message History

Beogh smites you!
* * * LOW HITPOINT WARNING * * *
Drink which item? (? for menu, Esc to quit)
Okay, then.
Read which item? (? for menu, Esc to quit)
Okay, then.
Drink which item? (? for menu, Esc to quit)
You feel better. The hellwing hits you.
* * * LOW HITPOINT WARNING * * *
You block the hellwing's attack. You block the orc high priest's attack.
The hellwing swoops through the air toward you!
The hellwing barely misses you. You block the hellwing's attack.
There is a stone staircase leading up here.
Unknown command.
The sixfirhy hits you.
* * * LOW HITPOINT WARNING * * *
The sixfirhy shocks you!
* * * LOW HITPOINT WARNING * * *
The sixfirhy is struck by your spines. The sixfirhy hits you!
You die...

....... #.............
.........##...#.##......
.........###.#...###.#..
..................#.....
...................o...o
..#...............#..#.#
......................#.
.......4........#.#..###
.......@.o............##
......4.)............##.
....................##..
........................
........................
........................
..#.#....<..............
......................##
......................#


You could see an orc high priest, a hellwing and a sixfirhy.

Vanquished Creatures
  An orc warlord (Orc:1)
  Josephine (D:10)
  2 orc knights
  Pikel (D:7)
  A hill giant (D:10)
  Maurice (D:9)
  The ghost of drjones the Grasshopper, an amateur NaWr (D:5)
  A troll (D:10)
  13 yaks
  A wyvern (D:10)
  3 wraiths (D:10)
  A human (D:8)
  A hippogriff (D:7)
  A hungry ghost (D:9)
  2 wargs
  2 hell hounds
  A swamp drake (D:10)
  4 sky beasts
  A black bear (D:9)
  15 orc warriors
  3 ice beasts
  2 phantoms
  An eye of draining (D:9)
  A necrophage (D:5)
  8 ogres
  2 centaurs (D:5)
  A big kobold (D:8)
  6 giant frogs
  A water moccasin zombie (D:10)
  10 scorpions
  6 killer bees
  4 howler monkeys
  An electric eel (D:10)
  3 jellies
  2 crimson imps
  A giant frog zombie (D:9)
  2 human zombies (Ossuary)
  10 orc priests
  A giant frog skeleton (D:9)
  3 hounds
  21 orc wizards
  A gnoll shaman (D:9)
  4 iguanas
  3 worker ants
  A big kobold zombie (Ossuary)
  2 mummies (Ossuary)
  A hound skeleton (D:8)
  A worker ant zombie (D:5)
  10 gnolls
  2 scorpion zombies (Ossuary)
  12 adders
  A howler monkey skeleton (D:6)
  A shadow imp (D:7)
  An ooze (D:4)
  5 worms
  A dart slug (D:2)
  9 giant geckos
  54 orcs
  8 giant cockroaches
  2 gnoll zombies (Ossuary)
  3 goblins
  4 hobgoblins
  15 jackals
  4 quokkas
  5 ball pythons
  7 bats
  11 giant newts
  5 goblin zombies
  2 hobgoblin zombies (Ossuary)
  A jackal zombie (D:8)
  8 kobolds
  2 kobold zombies (Ossuary)
  An orc zombie (Ossuary)
  2 quokka skeletons (D:5)
  8 rats
340 creatures vanquished.

Vanquished Creatures (others)
  The ghost of drjones the Poker, a novice NaWr of Qazlal (D:6)
  A yak (D:3)
  3 slaves (D:7)
  A crimson imp (D:6)
  An orc wizard (D:7)
  A mummy (Ossuary)
  3 orcs
  4 jackals (D:8)
15 creatures vanquished.

Grand Total: 355 creatures vanquished

Notes
Turn   | Place    | Note
--------------------------------------------------------------
     0 | Abyss:1  | Gargoyl the Demonspawn Abyssal Knight began the quest for the Orb.
     0 | Abyss:1  | Reached XP level 1. HP: 18/18 MP: 2/2
    86 | Abyss:2  | Noticed a small abomination
   107 | D:1      | Escaped the Abyss
   192 | D:1      | Reached * piety under Lugonu
   335 | D:1      | Gained mutation: Your flesh is heat resistant. [demonic ancestry]
   335 | D:1      | Reached XP level 2. HP: 20/24 MP: 3/3
  1272 | D:2      | Gained mutation: You are partially covered in thin metallic scales (AC +2). [demonic ancestry]
  1272 | D:2      | Reached XP level 3. HP: 29/29 MP: 4/4
  1782 | D:3      | Reached skill level 1 in Dodging
  1923 | D:3      | Reached ** piety under Lugonu
  1931 | D:3      | Reached skill level 1 in Shields
  2258 | D:3      | Gained mutation: You are mostly covered in thin metallic scales (AC +3). [demonic ancestry]
  2258 | D:3      | Reached XP level 4. HP: 16/35 MP: 5/5
  2510 | D:3      | Found an oddly glowing altar of Pakellas.
  2510 | D:3      | Noticed an orange crystal statue
  2511 | D:3      | Noticed a yak
  2522 | D:3      | Killed a yak
  2862 | D:4      | Noticed a giant frog
  2883 | D:4      | Killed a giant frog
  2883 | D:4      | Reached skill level 2 in Shields
  2883 | D:4      | Reached XP level 5. HP: 17/42 MP: 6/6
  3245 | D:4      | Found a glowing drain.
  3249 | Sewer    | Entered a sewer
  4066 | D:4      | Found a staircase to the Ecumenical Temple.
  4093 | D:4      | Reached skill level 3 in Shields
  4093 | D:4      | Gained mutation: You are immune to clouds of flame. [demonic ancestry]
  4093 | D:4      | Reached XP level 6. HP: 48/48 MP: 7/7
  4283 | D:5      | Entered Level 5 of the Dungeon
  4482 | D:5      | Noticed drjones's ghost (amateur NaWr)
  4483 | D:5      | Reached *** piety under Lugonu
  4708 | D:5      | Killed drjones's ghost
  4708 | D:5      | Reached skill level 4 in Shields
  4708 | D:5      | Gained mutation: You have a pair of small horns on your head. [demonic ancestry]
  4708 | D:5      | Reached XP level 7. HP: 33/54 MP: 8/8
  5645 | D:5      | Reached skill level 5 in Armour
  5845 | D:6      | Reached XP level 8. HP: 42/61 MP: 9/9
  6007 | D:6      | Reached skill level 5 in Shields
  6090 | D:6      | Noticed drjones's ghost (novice NaWr)
  6370 | D:6      | Banished drjones's ghost
  6515 | D:6      | Found a sparkling altar of Nemelex Xobeh.
  6527 | D:6      | Found a shattered altar of Ashenzari.
  6562 | D:6      | Reached skill level 6 in Shields
  6684 | D:6      | Found an opulent altar of Gozag.
  6691 | D:6      | Found a deep blue altar of Sif Muna.
  6816 | D:6      | Found a burning altar of Makhleb.
  6817 | D:6      | Found a shimmering altar of Xom.
  7340 | D:7      | Found a sand-covered staircase.
  7348 | Ossuary  | Entered an ossuary
  7524 | Ossuary  | Reached XP level 9. HP: 63/67 MP: 11/11
  7737 | Ossuary  | Reached skill level 5 in Fighting
  7850 | Ossuary  | Reached **** piety under Lugonu
  8306 | D:7      | Reached skill level 7 in Shields
  8406 | D:7      | Noticed Pikel
  8438 | D:7      | Killed Pikel
  8438 | D:7      | Reached skill level 5 in Axes
  8484 | D:7      | Found a glowing silver altar of Zin.
  8749 | D:7      | Found a radiant altar of Vehumet.
  8967 | D:7      | Found a glowing golden altar of the Shining One.
  9016 | D:8      | Found a staircase to the Lair.
  9489 | D:8      | Noticed Gastronok
  9516 | D:8      | Banished Gastronok
  9516 | D:8      | Reached skill level 8 in Shields
  9516 | D:8      | Reached XP level 10. HP: 76/76 MP: 12/12
 10389 | D:8      | Found a runed door.
 10557 | D:8      | Found a basalt altar of Yredelemnul.
 11046 | D:9      | Found a sparkling altar of Nemelex Xobeh.
 11168 | D:9      | Noticed Maurice
 11376 | D:9      | Reached skill level 9 in Shields
 12031 | D:9      | Killed Maurice
 12031 | D:9      | Reached XP level 11. HP: 46/83 MP: 13/13
 12403 | D:9      | Got a twisted chain mail
 12405 | D:9      | Identified the +4 chain mail of the Stag {rF- rN+ MP+9 Int+5} (You found it on level 9 of the Dungeon)
 12582 | D:10     | Entered Level 10 of the Dungeon
 12611 | D:10     | Reached ***** piety under Lugonu
 12990 | D:10     | Noticed a hill giant
 13019 | D:10     | Killed a hill giant
 13289 | D:10     | Noticed Josephine
 13314 | D:10     | Killed Josephine
 13321 | D:10     | Reached skill level 10 in Shields
 13663 | D:10     | Found a staircase to the Orcish Mines.
 14001 | D:10     | Gained mutation: You can translocate small distances at will. [mutagenic meat]
 14002 | D:10     | Gained mutation: Your body sometimes deteriorates upon taking damage. [mutagenic meat]
 14003 | D:10     | Gained mutation: You possess an exceptional clarity of mind. [mutagenic meat]
 14004 | D:10     | Gained mutation: You regenerate slowly when monsters are visible. [mutagenic meat]
 14090 | D:10     | Found a white marble altar of Elyvilon.
 14349 | Orc:1    | Entered Level 1 of the Orcish Mines
 14356 | Orc:1    | Noticed an orc knight
 14669 | D:10     | Killed an orc knight
 14810 | Orc:1    | Identified a scroll of acquirement
 14837 | Orc:2    | Entered Level 2 of the Orcish Mines
 14888 | Orc:2    | Noticed an orc knight
 14893 | Orc:2    | Noticed an orc high priest
 15251 | Orc:2    | Killed an orc knight
 15268 | Orc:2    | Reached ****** piety under Lugonu
 15314 | Orc:2    | Gained mutation: Armour fits poorly on your strangely shaped body. [a neqoxec]
 15322 | Orc:2    | Noticed an orc warlord
 15558 | Orc:1    | Killed an orc warlord
 15558 | Orc:1    | Gained mutation: You are partially covered in sharp spines. [demonic ancestry]
 15558 | Orc:1    | Reached XP level 12. HP: 29/91 MP: 14/14
 15821 | Orc:2    | HP: 1/91 [sixfirhy[an orc high priest] (8)]
 15821 | Orc:2    | Mangled by a sixfirhy

Skill      XL: |  1  2  3  4  5  6  7  8  9 10 11 |
---------------+----------------------------------+-----
Armour         | 2 3 4 5 6 7 8 9 |  9.8
Axes           | 2 3 4 6 7 8 |  8.3
Dodging        | 1 2 3 |  3.2
Shields        | 1 2 3 4 6 8 9 10 | 10.7
Fighting       | 4 5 6 7 |  7.6
Invocations    | 3 |  3.2
Stealth        | |  0.8

Action                   |  1- 3 |  4- 6 |  7- 9 | 10-12 || total
-------------------------+-------+-------+-------+-------++-------
Melee: Hand axe          |   206 |   286 |   646 |   270 ||  1408
       Headbutt          |       |       |   134 |   151 ||   285
       War axe           |       |       |       |   495 ||   495
Invok: Depart the Abyss  |     1 |       |       |       ||     1
       Banish            |       |       |     2 |     1 ||     3
  Use: Scroll            |     3 |     4 |    10 |    12 ||    29
       Potion            |       |     2 |     2 |     9 ||    13
 Stab: Confused          |       |       |       |     1 ||     1
  Eat: Chunk             |     5 |     3 |     9 |    21 ||    38
       Bread ration      |       |     1 |     2 |       ||     3
       Fruit             |       |     2 |       |     2 ||     4
       Beef jerky        |       |       |     1 |     1 ||     2
       Royal jelly       |       |       |     1 |       ||     1
       Meat ration       |       |       |       |     1 ||     1
       Pizza             |       |       |       |     1 ||     1
Armor: Plate armour      |   103 |   173 |   319 |   533 ||  1128
Dodge: Dodged            |     6 |     7 |    31 |   129 ||   173
Block: Large shield      |   158 |   249 |   611 |   917 ||  1935
